Description

Fast hellion opening into battle mech to control map and deal economical damage. After 4th factory 3rd cc into a more macro focused game. Then transition into Libs (w/ range) and finally BCs.

Build Order

Get SALT Encoding   

  14  0:18  Supply Depot  
  15  0:29  Refinery  
  16  0:45  Barracks  
  19  1:32  Orbital Command  
  19  1:34  Factory  
  19  1:54  Command Center  
  20  1:58  Barracks Reactor  
  20  2:10  Supply Depot  
  21  2:27  Factory  
  21  2:45  Barracks Reactor  
  27  2:55  Supply Depot  
  27  3:05  Orbital Command  
  31  3:16  Supply Depot  
  40  3:45  Factory  
  40  3:48  Barracks Tech Lab  
  54  4:25  Command Center  
  56  4:28  Supply Depot  
  59  5:10  Refinery x3  
  62  5:30  Factory  
  62  5:40  Orbital Command  
  62  5:45  Factory  
  77  6:10  Armory  
  85  6:40  Engineering Bay  
  125  8:00  Starport  
Spawning Tool Build Advisor. Get it on Overwolf

Go to:

Details

  • Created by: Paturuzu
  • Published on: Nov 21, 2019
  • Modified on: Nov 23, 2019
  • Patch: 4.7.1
Show
View Real Time Build Order
Export as new Build Order

Comments (0)

There are no comments. Be the first!

Create an account to comment!